 Dungeon Crawl Stone Soup version 0.26-a0-613-g4f23886 (webtiles) character file.

Game seed: 8244633121709545389

198 popedarpa the Poker (level 5, -6/39 HPs)
             Began as a Demonspawn Gladiator on Sept 11, 2020.
             Mangled by Duvessa
             ... wielding a +0 short sword
              (9 damage)
             ... on level 3 of the Dungeon.
             The game lasted 00:04:13 (2375 turns).

popedarpa the Poker (Demonspawn Gladiator)          Turns: 2375, Time: 00:04:13

Health: -6/39      AC:  4    Str: 16    XL:     5   Next: 47%
Magic:  0/7        EV: 13    Int:  9    God:
Gold:   143        SH:  0    Dex: 14    Spells: 7/7 levels left

rFire    . . .     SeeInvis .   a - +0 trident
rCold    . . .     Faith    .   (no shield)
rNeg     . . .     Spirit   +   b - +0 leather armour
rPois    .         Reflect  .   c - +0 helmet
rElec    .         Harm     .   (no cloak)
rCorr    .                      (no gloves)
MR       +....                  (no boots)
Stlth    +.........             (no amulet)
HPRegen  0.13/turn              n - ring of protection from magic
MPRegen  0.10/turn              (no ring)

@: no status effects
A: spiny 2, magic shield
a: no special abilities


You were on level 3 of the Dungeon.
You visited 1 branch of the dungeon, and saw 4 of its levels.

You collected 143 gold pieces.

Inventory:

Hand Weapons
 a - a +0 trident (weapon)
Armour
 b - a +0 leather armour (worn)
 c - a +0 helmet (worn)
Jewellery
 n - a ring of protection from magic (left hand)
Scrolls
 e - 4 scrolls of teleportation {unknown}
 i - 2 scrolls of remove curse {unknown}
 j - a scroll of enchant weapon {unknown}
 k - 2 scrolls of identify {unknown}
 l - 3 scrolls of amnesia {unknown}
 m - a scroll of enchant armour {unknown}
 o - a scroll of magic mapping {unknown}
 q - a scroll of blinking {unknown}
Potions
 d - a potion of heal wounds {unknown}
 f - 2 potions of degeneration {unknown}
 g - 3 potions of curing
 h - a potion of brilliance {unknown}
 p - a potion of flight {unknown}


   Skills:
 + Level 2.7 Fighting
 + Level 4.0 Polearms
 + Level 2.0 Throwing
 + Level 1.5 Armour
 + Level 3.3 Dodging
 + Level 0.3 Stealth
 * Level 1.5 Spellcasting


You had 7 spell levels left.
You didn't know any spells.
Your spell library was empty.

Dungeon Overview and Level Annotations

Branches:
Dungeon (4/15)
 Temple: D:4-7

Altars:

Annotations:
D:3 Duvessa
D:4 3 runed translucent doors, B1Gdaddy5's ghost, amateur GrBe


Innate Abilities, Weirdness & Mutations

You are mostly covered in sharp spines.
When hurt, damage is shared between your health and your magic reserves.


Message History

You barely miss Duvessa.
Duvessa is lightly wounded.
Duvessa misses you.
You hit Duvessa but do no damage.
Duvessa is lightly wounded.
Duvessa is struck by your spines. Duvessa barely misses you.
You hit Duvessa but do no damage.
Duvessa is lightly wounded.
You barely miss Duvessa.
Duvessa is lightly wounded.
Duvessa says, "His death shall not be in vain!"
Duvessa is struck by your spines. Duvessa hits you with a +0 short sword!
* * * LOW HITPOINT WARNING * * *
You hit Duvessa but do no damage.
Duvessa is moderately wounded.
Duvessa looks more energetic.
Duvessa closely misses you.
You hit Duvessa.
Duvessa is moderately wounded.
Duvessa hits you with a +0 short sword!
You die...

.# #.##.#
###.# .#
#.##.#
#...# .#
#.##.#
#.###
.###.##.#
#.#
.....##.#
#.#
###..##.#
#.#
###..##.#
#.#####
)....##.#
#.....#
###.....#
#####@#
#.#####
#e# #.#
#.# #.###
#.# #...#
#.#
###.#.#
#.#
....#.#
#.#
#####.#
#.# #)#
#.####


You could see Duvessa.

Vanquished Creatures
  Dowan (D:4)
  Jessica (D:2)
  A worker ant (D:4)
  2 adders (D:2)
  4 gnolls (D:2)
  2 dart slugs
  3 leopard geckos
  2 orcs (D:3)
  3 giant cockroaches
  2 goblins
  7 hobgoblins
  A quokka (D:3)
  2 bats
  2 frilled lizards
  4 kobolds
  4 rats
41 creatures vanquished.

Vanquished Creatures (others)
  A fungus (D:4)
  2 plants (D:4)
3 creatures vanquished.

Grand Total: 44 creatures vanquished

Notes
Turn   | Place    | Note
-------+----------+-------------------------------------------
     0 | D:1      | popedarpa the Demonspawn Gladiator began the quest for the
                  | Orb.
     0 | D:1      | Reached XP level 1. HP: 16/16 MP: 1/1
   192 | D:1      | Reached skill level 3 in Polearms
   193 | D:1      | Gained mutation: You are partially covered in sharp spines.
                  | [demonic ancestry]
   193 | D:1      | Reached XP level 2. HP: 21/22 MP: 2/2
   575 | D:2      | Gained mutation: When hurt, damage is shared between your
                  | health and your magic reserves. [demonic ancestry]
   575 | D:2      | Reached XP level 3. HP: 19/27 MP: 3/3
   674 | D:2      | Noticed Jessica
   687 | D:2      | Killed Jessica
   812 | D:2      | Gained mutation: You are mostly covered in sharp spines.
                  | [demonic ancestry]
   812 | D:2      | Reached XP level 4. HP: 34/34 MP: 4/4
   832 | D:2      | Reached skill level 1 in Armour
  1510 | D:2      | You fall into a shaft and drop 2 floors!
  1510 | D:4      | Noticed Duvessa
  1510 | D:4      | Noticed Dowan
  1774 | D:3      | Found a faded altar of an unknown god.
  2235 | D:4      | Found a runed translucent gate.
  2247 | D:4      | Reached skill level 1 in Spellcasting
  2247 | D:4      | Reached XP level 5. HP: 33/39 MP: 3/6
  2289 | D:4      | Found a runed translucent gate.
  2291 | D:4      | Found a runed translucent gate.
  2291 | D:4      | Noticed B1Gdaddy5's ghost (amateur GrBe)
  2346 | D:4      | Killed Dowan
  2346 | D:4      | Reached skill level 4 in Polearms
  2375 | D:3      | Mangled by Duvessa

Illustrated notes

Levels and vault maps discovered:
D:1:      matt_arrival_spirals, layout_rooms
D:2:      layout_rooms, old_standard_altar, palyth_stone_intersect,
          minmay_tree_intersection, serial_park_tiny_pond,
          nemelex_dance_club_becter, uniq_robin, uniq_jessica
D:3:      layout_loops_ring, chequers_ecumenical_altar_island
D:4:      gammafunk_wand_slinger, layout_loops_cross,
          gammafunk_ghost_nasty_kobolds, led_sif_pool, uniq_duvessa

Skill      XL: |  1  2  3  4  5 |
---------------+----------------+-----
Polearms       | 3 4 |  4.0
Dodging        | 3 |  3.3
Throwing       | 2 |  2.0
Armour         | 1 |  1.5
Spellcasting   | 1 |  1.5
Fighting       | |  2.7
Stealth        | |  0.3

Action                   |  1- 3 |  4- 6 || total
-------------------------+-------+-------++-------
Melee: Trident           |    65 |    72 ||   137
Throw: Throwing net      |     5 |       ||     5
  Use: Potion            |       |     2 ||     2
 Stab: Sleeping          |       |     2 ||     2
Armor: Leather armour    |    14 |     6 ||    20
Dodge: Dodged            |    39 |    69 ||   108

Table legend: (Time is in decaauts)
 A = Elapsed time spent in this place.
 B = Non-inter-level travel time spent in this place.
 C = Inter-level travel time spent in this place.
 D = Time resting spent in this place.
 E = Time spent auto-exploring this place.
 F = Levels seen in this place.
 G = Mean time per level.
                   A        B        C        D        E       F      G
               +--------+--------+--------+--------+--------+-----+--------+
         Total |   2393 |   2378 |     15 |    611 |   1306 |   4 |  598.2 |
       Dungeon |   2393 |   2378 |     15 |    611 |   1306 |   4 |  598.2 |
               +--------+--------+--------+--------+--------+-----+--------+

Top non-repeatable levels by time:
     D:3: 951 daAuts
     D:2: 737 daAuts
     D:1: 561 daAuts
     D:4: 143 daAuts
